[Event "Team 45 45 League T27"]
[Site "Free Internet Chess Server"]
[Date "2005.06.24"]
[Round "2"]
[White "cerebero"]
[Black "gonzolawyer"]
[Result "0-1"]
[WhiteElo "1853"]
[BlackElo "1752"]
[TimeControl "2700+45"]

1. e4 c5 2. Nf3 Nc6 3. d4 cxd4 4. Nxd4 Nf6 5. Nc3 d6 6. Bc4 Ne5 7. Bb3 e6 8. O-O Be7 9. Bg5 O-O 10. f4 Ng6 11. Qe2 h6 12. Bh4 Nxh4 13. Rad1 e5 14. fxe5 dxe5 15. Nf3 Qb6+ 16. Kh1 Nxf3 17. Rxf3 Bg4   {White resigns} 0-1

[Event "Team 45 45 League T27"]
[Site "Free Internet Chess Server"]
[Date "2005.06.28"]
[Round "2"]
[White "CleverBanana"]
[Black "JoeytheBudgie"]
[Result "0-1"]
[WhiteElo "1648"]
[BlackElo "1770"]
[TimeControl "2700+45"]

1. d4 Nf6 2. c4 e6 3. Nc3 c5 4. Nf3 d5 5. e3 a6 6. dxc5 Bxc5 7. cxd5 exd5 8. h3 Nc6 9. Bd3 O-O 10. O-O Re8 11. b3 d4 12. exd4 Nxd4 13. Nxd4 Bxd4 14. Bb2 Be6 15. Qd2 Rc8 16. Rfd1 Be5 17. Qe3 Qc7 18. Rac1 Qb8 19. f4 Bxf4   {White resigns} 0-1

[Event "Team 45 45 League T27"]
[Site "Free Internet Chess Server"]
[Date "PDT.07.0"]
[Round "2"]
[White "LLIAMAH"]
[Black "BIRDSMAN"]
[Result "1/2-1/2"]
[WhiteElo "1728"]
[BlackElo "1586"]
[TimeControl "2700+45"]

1. e4 c6 2. Nf3 d5 3. exd5 cxd5 4. d4 Bf5 5. Nc3 e6 6. Be2 Nf6 7. Bg5 Nbd7 8. Bb5 Be7 9. Bxf6 Bxf6 10. O-O O-O 11. h3 a6 12. Bd3 Bxd3 13. Qxd3 Rc8 14. Ne2 Qb6 15. Rab1 Rc6 16. Rfe1 Rfc8 17. c3 Qa5 18. a3 Qd8 19. Nf4 g6 20. Qc2 Nb6 21. Qb3 Qc7 22. Nd3 Nc4 23. Nc5 Rb6 24. Qc2 Be7 25. Nd3 Bf6 26. Qc1 Rc6 27. Nc5 Be7 28. Nd3 Bf6 29. Qh6 Bg7 30. Qh4 Qd8 31. Qf4 Qc7 32. Qc1 h6 33. Nb4 Rb6 34. Nc2 Rc6 35. Ne3 Qf4 36. Qd1 Kh7 37. Qb3 Rb6 38. Qa4 Qc7 39. Qc2 Rc6 40. Nd2 Nxa3 41. bxa3 Rxc3 42. Qb2 Bxd4 43. Qxb7 Rxa3 44. Nf3 Bxe3 45. fxe3 Kg7 46. Qb2+ Qc3 47. Qb7 Rc7 48. Qb6 Qc5 49. Qb8 Rxe3 50. Rxe3 Qxe3+ 51. Kh1 Rc1+ 52. Rxc1 Qxc1+ 53. Kh2 Qe3 54. Qc7 d4 55. Qd6 a5 56. Nxd4 e5 57. Nc6 Qf4+ 58. Kg1 Qe3+ 59. Kf1 Qc1+ 60. Ke2 Qb2+ 61. Kf3 Qc3+ 62. Ke4 Qe1+ 63. Kd5 Qd2+ 64. Kxe5 Qg5+ 65. Kd4 Qd2+ 66. Kc5 Qxg2 67. Qd4+ Kh7 68. Qd7 Qf2+ 69. Kb5 Qh4 70. Qxf7+ Kh8 71. Kxa5 Qxh3 72. Ne7 Qc3+ 73. Kb5 Qe5+ 74. Kc6 Qg7 75. Nxg6+ Kh7 76. Nf8+ Kh8 77. Ng6+ Kh7 78. Nf8+ Kh8 79. Ng6+   {Game drawn by repetition} 1/2-1/2

[Event "Team 45 45 League T27"]
[Site "Free Internet Chess Server"]
[Date "2005.06.24"]
[Round "2"]
[White "AlesD"]
[Black "alexeypopov"]
[Result "1-0"]
[WhiteElo "1620"]
[BlackElo "1574"]
[TimeControl "2700+45"]

1. d4 Nf6 2. e3 d5 3. Bd3 Nc6 4. c3 e5 5. dxe5 Nxe5 6. Bc2 Bd6 7. Nd2 c6 8. Ngf3 O-O 9. O-O Nxf3+ 10. Nxf3 Qc7 11. h3 Be6 12. Qd4 c5 13. Qh4 Be7 14. Ng5 h6 15. Nxe6 fxe6 16. f4 Ne4 17. Qe1 Nd6 18. b3 Nf5 19. Bxf5 Rxf5 20. Bb2 d4 21. cxd4 cxd4 22. Bxd4 Bc5 23. Rc1 Qb6 24. g4 Rd5 25. Bxc5 Rxc5 26. Rxc5 Qxc5 27. Qc1 Rc8 28. Qxc5 Rxc5 29. Rf2 a5 30. Rd2 b5 31. Kf2 g5 32. fxg5 Rxg5 33. Rd7 h5 34. Kf3 hxg4+ 35. hxg4 e5 36. e4 Kf8 37. Rd5   {Black resigns} 1-0

[Event "Team 45 45 League T27"]
[Site "Free Internet Chess Server"]
[Date "2005.06.27"]
[Round "2"]
[White "threeNT"]
[Black "MGoo"]
[Result "1-0"]
[WhiteElo "1730"]
[BlackElo "1752"]
[TimeControl "2700+45"]

1. e4 e5 2. Nf3 Nf6 3. Nxe5 d6 4. Nf3 Nxe4 5. d4 d5 6. Bd3 Bd6 7. O-O O-O 8. Re1 Bf5 9. c4 c6 10. Qb3 dxc4 11. Bxc4 Qc7 12. Qd3 Nd7 13. Rxe4 Nf6 14. Nbd2 Nxe4 15. Nxe4 Bg6 16. Bd2 Rfe8 17. Re1 Rad8 18. Bg5 Be7 19. Re3 Bxg5 20. Nexg5 Bxd3 21. Bxf7+ Qxf7 22. Nxf7 Kxf7 23. Rxd3 c5 24. d5 Re2 25. b3 Rxa2 26. Ne5+ Kf6 27. f4 Re2 28. Kf1 Rxe5 29. fxe5+ Kxe5 30. Rh3 Rxd5 31. Rxh7 Kf6 32. Ke2 b5 33. Rh8 c4 34. bxc4 bxc4 35. Rc8 Rd4 36. Ke3 Rh4 37. h3 Ke5 38. Rc5+ Kd6 39. Ra5 Kc6 40. Rxa7 c3 41. Kd3 Rh5 42. Rxg7 Rc5 43. Kc2 Kb5 44. g4 Kb4 45. h4 Re5 46. h5 Re2+ 47. Kd3 c2 48. Rb7+ Ka5 49. Rc7 Rg2 50. Rxc2 Rxg4 51. Rh2 Kb5 52. h6 Rg8 53. h7 Rh8 54. Kd4   {Black forfeits on time} 1-0

[Event "Team 45 45 League T27"]
[Site "Free Internet Chess Server"]
[Date "2005.06.25"]
[Round "2"]
[White "TGV"]
[Black "FusterCluck"]
[Result "1-0"]
[WhiteElo "1733"]
[BlackElo "1746"]
[TimeControl "2700+45"]

1. d4 d5 2. c4 Nc6 3. e3 Nf6 4. cxd5 Nxd5 5. Nf3 Bg4 6. Bc4 Nb6 7. Bxf7+ Kxf7 8. Ng5+ Kg8 9. Qxg4 Qd5 10. Nc3 Qc4 11. Qe6+ Qxe6 12. Nxe6 Nb4 13. Kd1 Kf7 14. Nxc7 Rc8 15. N7b5 a6 16. Na3 Nd3 17. Ke2 Nb4 18. Kd2 e6 19. b3 Be7 20. Nc2 N6d5 21. Nxb4 Bxb4 22. Bb2 Nxc3 23. Kd3 Nd5 24. Rac1 Bd6 25. a3 Rhe8 26. g3 Nf6 27. h3 Rxc1 28. Rxc1 e5 29. dxe5 Bxe5 30. Bxe5 Rxe5 31. Rc7+ Re7 32. Rxe7+ Kxe7 33. Kd4 Kd6 34. f4 b5 35. e4 Kc6 36. e5 Nh5 37. f5 Nxg3 38. f6 gxf6 39. exf6 Kd6 40. f7 Ke7 41. Kc5 Kxf7 42. Kb6 h5 43. Kxa6 h4 44. Kxb5 Nh5 45. a4 Nf4 46. a5 Nxh3 47. a6 Nf2 48. a7 h3 49. a8=Q h2 50. Qa7+ Ke8 51. Qb8+ Kd7 52. Qxh2 Ne4 53. Qh7+ Ke6 54. Qxe4+   {Black resigns} 1-0

[Event "Team 45 45 League T27"]
[Site "Free Internet Chess Server"]
[Date "PDT.07.0"]
[Round "2"]
[White "BlkSabb"]
[Black "Pieris"]
[Result "1-0"]
[WhiteElo "1740"]
[BlackElo "1601"]
[TimeControl "2700+45"]

1. d4 f5 2. Bg5 h6 3. Bh4 g5 4. e3 Nf6 5. Bg3 d6 6. h4 g4 7. Nc3 Nc6 8. d5 Nb8 9. Nge2 c6 10. Nf4 Rg8 11. Qd2 cxd5 12. Bb5+ Nc6 13. Nfxd5 Bg7 14. O-O-O Bd7 15. Bxc6 bxc6 16. Nxe7 Qxe7 17. Bxd6 Qe6 18. e4 Nxe4 19. Nxe4 fxe4 20. Kb1 Qf6 21. Be5 Qxe5 22. Qxd7+ Kf8 23. c3 Rb8 24. Rd4 c5 25. Rd2 Qe7 26. Qf5+ Ke8 27. Re1 Rf8 28. Qg6+ Rf7 29. Rxe4 Qxe4+ 30. Qxe4+ Re7 31. Qc6+ Kf7 32. Qd5+ Kg6 33. Qd6+   {Black resigns} 1-0

[Event "Team 45 45 League T27"]
[Site "FICS"]
[Date "2005.06.28"]
[Round "2"]
[White "Maras"]
[Black "Louro"]
[Result "1/2-1/2"]
[WhiteElo "2102"]
[BlackElo "1994"]
[TimeControl "2700+45"]

1. d4 Nf6 2. Bg5 d5 3. e3 Ne4 4. Bf4 g5 5. Be5 Rg8 6. c4 e6 7. Nc3 Bb4 
8. Rc1 Nd7 9. Bg3 g4 10. Bd3 f5 11. Ne2 c6 12. Qb3 Ba5 13. cxd5 exd5 
14. Bxe4 fxe4 15. O-O Rf8 16. Nf4 Qe7 17. a3 Bd8 18. Rc2 Nb6 19. Rfc1 Rf5 
20. a4 Nc4 21. Qa2 Bd7 22. b3 Nd6 23. Qa3 Nf7 24. Qb2 Qf6 25. Nfe2 Be7 
26. Bf4 Qg7 27. Ng3 Rxf4 28. Nh5 Qf8 29. Nxf4 Ba3 30. Qb1 Bxc1 31. Rxc1 Ng5 
32. b4 Ne6 33. Nxe6 Bxe6 34. Qb3 Qd6 35. b5 Rc8 36. Rc2 c5 37. dxc5 Qxc5 
38. g3 Qc4 39. Qxc4 Rxc4 40. Kf1 Ke7 41. Ke2 Kd6 42. Kd2 b6 43. Rc1 h5 
44. Ra1 Kc5 45. Rb1 Rb4 46. Kc2 Rxb1 47. Kxb1 Kc4 48. Kc2 Kb4 49. Kb2 Bd7 
50. Nxd5+ Kxa4 51. Nf6 Bf5 52. Ne8 Kb4 53. Nd6 Bg6 54. Nc8 Kxb5 55. Nxa7+ Kc4 
56. Nc8 Kd3 57. Nxb6 Ke2 58. Kc3 Kxf2 59. Nd5 Bf5 60. Kd4 Kg2 61. Nf4+ Kxh2 
62. Nxh5 Bg6 63. Nf4 Bh7 64. Nh5 Bg6 65. Nf4 Be8 66. Kxe4 Kxg3 67. Ne2+ Kf2 
68. Kf4 Kxe2 69. Kxg4 Kxe3 {Neither player has mating material} 1/2-1/2

[Event "Team 45 45 League T27"]
[Site "Free Internet Chess Server"]
[Date "2005.06.27"]
[Round "2"]
[White "RussoTuristo"]
[Black "Huevon"]
[Result "1-0"]
[WhiteElo "1921"]
[BlackElo "1927"]
[TimeControl "2700+45"]

1. c4 e6 2. Nc3 f5 3. d4 Nf6 4. Nf3 Bb4 5. a3 Bxc3+ 6. bxc3 b6 7. e3 O-O 8. Bd3 Bb7 9. Bb2 d6 10. O-O Nbd7 11. Ng5 Qe8 12. f4 Qg6 13. Qc2 h6 14. Nxe6 Rfe8 15. Bxf5   {Black resigns} 1-0

[Event "Team 45 45 League T27"]
[Site "Free Internet Chess Server"]
[Date "2005.06.22"]
[Round "2"]
[White "rudini"]
[Black "adingod"]
[Result "1-0"]
[WhiteElo "1956"]
[BlackElo "1874"]
[TimeControl "2700+45"]

1. e4 Nf6 2. e5 Nd5 3. d4 d6 4. Nf3 g6 5. c4 Nb6 6. Bf4 Bg7 7. Nc3 Bg4 8. h3 dxe5 9. Bxe5 Bxe5 10. hxg4 Bg7 11. c5 N6d7 12. Qb3 Qc8 13. O-O-O Nf6 14. Ne5 e6 15. d5 Nxd5 16. Nxd5 Bxe5 17. Re1 c6 18. Rxe5 cxd5 19. Qxd5 Nc6 20. Re1 Qd7 21. Qxd7+ Kxd7 22. Bb5 Kc7 23. g5 Rad8 24. Rd1 Rxd1+ 25. Rxd1 h6 26. Rh1 h5 27. Rd1 a6 28. Ba4 Rc8 29. f4 b5 30. cxb6+ Kxb6 31. Rd6 Rc7 32. Kd1 Kc5 33. Rxc6+ Rxc6 34. Bxc6 Kxc6 35. Ke2 Kd5 36. Ke3 a5 37. Kd3 e5 38. fxe5 Kxe5 39. Kc4 Kf4 40. a4 Kg3 41. b4 axb4 42. a5 Kxg2 43. a6 h4 44. a7 h3 45. a8=Q+ Kg1 46. Kxb4 h2 47. Kc5 h1=Q 48. Qxh1+ Kxh1 49. Kd6 Kg2 50. Ke7   {Black resigns} 1-0

[Event "Team 45 45 League T27"]
[Site "Free Internet Chess Server"]
[Date "2005.06.26"]
[Round "2"]
[White "mandragora"]
[Black "JBFelo"]
[Result "0-1"]
[WhiteElo "1821"]
[BlackElo "1940"]
[TimeControl "2700+45"]

1. e4 e5 2. Nf3 Nc6 3. Bb5 a6 4. Ba4 Nf6 5. Qe2 Bd6 6. c3 O-O 7. O-O Re8 8. d3 h6 9. h3 Bf8 10. Be3 d5 11. Rd1 b5 12. exd5 Nxd5 13. Bb3 Nxe3 14. Qxe3 Bf5 15. Bc2 Qd5 16. Nbd2 Bc5 17. Qe2 Rad8 18. Ne4 Bb6 19. Rd2 Bxe4 20. dxe4 Qc5 21. Rad1 Rxd2 22. Rxd2 Rd8 23. Ne1 Qe7 24. Bb3 Rd6 25. Nc2 Na5 26. Ne3 Nxb3 27. axb3 Rxd2 28. Qxd2 Qg5 29. Nf1 Qh4 30. Qe2 Qf4 31. Ng3 Qxg3   {White resigns} 0-1

[Event "Team 45 45 League T27"]
[Site "Free Internet Chess Server"]
[Date "2005.06.22"]
[Round "2"]
[White "anandkvs"]
[Black "AlefZero"]
[Result "0-1"]
[WhiteElo "1889"]
[BlackElo "2111"]
[TimeControl "2700+45"]

1. e4 c6 2. Nc3 d5 3. Nf3 Bg4 4. h3 Bh5 5. exd5 cxd5 6. Bb5+ Nc6 7. g4 Bg6 8. Ne5 Rc8 9. Nxg6 hxg6 10. d4 e6 11. Qd3 Nf6 12. Bg5 Bb4 13. a3 Qa5 14. Bxc6+ Rxc6 15. Bd2 Bxc3 16. Bxc3 Qc7 17. O-O-O Ne4 18. Be1 Qf4+ 19. Kb1 Kd7 20. Bd2 Qc7 21. Be3 Rc8 22. Rc1 Qb6 23. f3 Rc3   {White resigns} 0-1

[Event "Team 45 45 League T27"]
[Site "Free Internet Chess Server"]
[Date "2005.06.26"]
[Round "2"]
[White "ryoshu"]
[Black "Valiantangel"]
[Result "1-0"]
[WhiteElo "1928"]
[BlackElo "1822"]
[TimeControl "2700+45"]

1. e4 d5 2. Nc3 d4 3. Nce2 c5 4. d3 Nc6 5. g3 e5 6. Bg2 Bd6 7. f4 exf4 8. Nxf4 Nge7 9. Nf3 O-O 10. O-O f5 11. Qe2 fxe4 12. Qxe4 Rf6 13. Ng5 Bf5 14. Qe2 Qd7 15. Ne4 Bxe4 16. Qxe4 Raf8 17. Bd2 Qf5 18. Rae1 Qxe4 19. Bxe4 g5 20. Nd5 Rxf1+ 21. Rxf1 Rxf1+ 22. Kxf1 h6 23. Ke2 Kf7 24. Nxe7 Bxe7 25. Bxc6 bxc6 26. Kf3 Kf6 27. Ke4 Ke6 28. g4 Bf6 29. Ba5 Be5 30. h3 Bf4 31. b3 Be5 32. Bd8 Bd6 33. Ba5 Be5 34. b4 Bd6 35. bxc5 Bxc5 36. Bc7 Bf8 37. Kxd4 Bg7+ 38. Ke4 a6 39. d4 Bf8 40. c4 Bg7 41. Be5 Bf8 42. d5+   {Black resigns} 1-0

[Event "Team 45 45 League T27"]
[Site "Free Internet Chess Server"]
[Date "2005.06.27"]
[Round "2"]
[White "buRnINGbeNd"]
[Black "CamyC"]
[Result "1-0"]
[WhiteElo "1777"]
[BlackElo "2038"]
[TimeControl "2700+45"]

1. e4 e5 2. Nf3 Nc6 3. Bc4 Bc5 4. b4 Bb6 5. b5 Na5 6. Nxe5 Nh6 7. d4 d6 8. Bxh6 dxe5 9. Bxg7 Rg8 10. Bxf7+ Kxf7 11. Bxe5 Qg5 12. Qf3+ Ke8 13. Nd2 Qxg2 14. Qxg2 Rxg2 15. c4 c6 16. a4 Rg6 17. f4 Bh3 18. c5 Bd8 19. O-O-O Bh4 20. f5 Rg2 21. Bc7 b6 22. Nf3 Bf2 23. bxc6 Bg4 24. Ne1 Be3+ 25. Kb1 Re2 26. h3 Bh5 27. d5 Bxc5 28. Nd3 Bd4 29. Be5 Rxe4 30. Rhe1 Be3 31. Rc1 Nb3 32. Rc2 Nd2+ 33. Rxd2 Rxe5 34. Rg2 Rxf5 35. Rxe3+ Kf8 36. d6 Rd5 37. Rf2+ Kg8 38. Nf4 Rxd6 39. Nxh5 Rxc6 40. Re7 Rh6 41. Nf6+ Kh8 42. Ne8 Rg6 43. Rf8+ Rg8 44. Nf6   {Black resigns} 1-0

[Event "Team 45 45 League T27"]
[Site "Free Internet Chess Server"]
[Date "2005.06.25"]
[Round "2"]
[White "Mekk"]
[Black "rambovz"]
[Result "0-1"]
[WhiteElo "1760"]
[BlackElo "1641"]
[TimeControl "2700+45"]

1. e4 c6 2. d4 d5 3. e5 Bf5 4. h4 h5 5. Nf3 e6 6. Bd3 Bxd3 7. Qxd3 Qa5+ 8. Bd2 Qb6 9. Qb3 Nd7 10. Be3 Qxb3 11. axb3 c5 12. Nbd2 cxd4 13. Bxd4 Bc5 14. Bxc5 Nxc5 15. Nd4 a6 16. b4 Nd7 17. f4 Rc8 18. c3 Ne7 19. Kf2 O-O 20. N2b3 Nc6 21. Ke3 Nb6 22. Nd2 Nxd4 23. Kxd4 Nc4 24. Nxc4 Rxc4+ 25. Ke3 f6 26. exf6 Rxf6 27. g3 e5 28. Ra5 exf4+ 29. gxf4 Re4+ 30. Kd3 Rfxf4 31. Rxd5 Rxh4 32. Rxh5 Rxh1 33. Rxh1 Re6 34. c4 Rd6+ 35. Ke3 Rb6 36. Rh2 Rxb4 37. Rc2 Kf7 38. c5 a5 39. Kf3 Ke6 40. Rg2 Kd5 41. Rxg7 Kxc5 42. Rg5+ Kb6 43. Rg2 Rb3+ 44. Ke4 Kc5 45. Rc2+ Kb4 46. Kd4 b5 47. Kd5 a4 48. Kd4 Rh3 49. Rg2 Kb3 50. Kc5 b4 51. Rg4 Rh5+ 52. Kb6 Rh2 53. Kb5 Rh5+ 54. Kb6 Rh3 55. Kb5 Rh5+ 56. Ka6 Rc5 57. Kb6 Rc4 58. Rg2 Rc2 59. Rg3+ Kxb2 60. Kb5 a3 61. Kxb4 a2 62. Rb3+ Kc1 63. Ra3 Kb1 64. Kb3 Rb2+   {White resigns} 0-1

[Event "Team 45 45 League T27"]
[Site "Free Internet Chess Server"]
[Date "2005.06.24"]
[Round "2"]
[White "AlefZero"]
[Black "qire"]
[Result "1-0"]
[WhiteElo "2127"]
[BlackElo "1971"]
[TimeControl "2700+45"]

1. e4 c5 2. Nf3 d6 3. d4 cxd4 4. Nxd4 Nf6 5. Nc3 a6 6. f4 Nc6 7. Nxc6 bxc6 8. e5 dxe5 9. Qxd8+ Kxd8 10. fxe5 Nd5 11. Nxd5 cxd5 12. Bg5 h6 13. Bh4 g5 14. Bg3 Bf5 15. O-O-O e6 16. Bd3 Bxd3 17. Rxd3 Rc8 18. Rf1 Ke8 19. Rb3 Bc5 20. Rb7 Rf8 21. Rf3 Bg1 22. Be1 Bxh2 23. Bb4 Bf4+ 24. Kd1 f5 25. Re7+ Kd8 26. Rg7 Rh8 27. Be7+ Ke8 28. Bf6 Rf8 29. Re7+ Kd8 30. Rh7+ Rxf6 31. exf6 Be5 32. Re3 Bxf6 33. Rxe6 Bxb2 34. Rg6 Bg7 35. Rgxg7   {Black resigns} 1-0

[Event "Team 45 45 League T27"]
[Site "Free Internet Chess Server"]
[Date "2005.06.26"]
[Round "2"]
[White "Louro"]
[Black "daroos"]
[Result "1/2-1/2"]
[WhiteElo "1994"]
[BlackElo "2002"]
[TimeControl "2700+45"]

1. e4 d6 2. d4 Nf6 3. Nc3 g6 4. f4 Bg7 5. Nf3 O-O 6. Bd3 c5 7. dxc5 dxc5 8. O-O Nc6 9. e5 Ng4 10. Bc4 b6 11. Bd5 Bb7 12. Ng5 Nh6 13. f5 Bxe5 14. fxg6 hxg6 15. Qd3 e6 16. Qh3 Bg7 17. Nxe6 fxe6 18. Qxe6+ Kh8 19. Bxh6 Bxh6 20. Rxf8+ Qxf8 21. Bxc6 Bxc6 22. Qxc6 Qe8 23. Qxe8+ Rxe8   {Game drawn by mutual agreement} 1/2-1/2

[Event "Team 45 45 League T27"]
[Site "Free Internet Chess Server"]
[Date "PDT.07.0"]
[Round "2"]
[White "maupasant"]
[Black "adingod"]
[Result "1-0"]
[WhiteElo "2005"]
[BlackElo "1859"]
[TimeControl "2700+45"]

1. e4 Nf6 2. e5 Nd5 3. c4 Nb6 4. c5 Nd5 5. Bc4 e6 6. d4 d6 7. cxd6 cxd6 8. Qe2 dxe5 9. dxe5 Bb4+ 10. Bd2 Qa5 11. Nf3 Nc6 12. O-O Bxd2 13. Nbxd2 O-O 14. Nb3 Qc7 15. Rac1 Nf4 16. Qe4 Ng6 17. Rfe1 a5 18. a4 Qe7 19. Bb5 Qb4 20. Qc2 Nh4 21. Nxh4 Qxh4 22. Bxc6 bxc6 23. Qxc6 Rb8 24. Re4 Qh6 25. Nxa5 Bd7 26. Qc2 Rbc8 27. Rc4 Bxa4 28. Qc3 Rxc4 29. Nxc4 Rc8 30. Ra1 Qh5 31. f3   {Black resigns} 1-0

[Event "Team 45 45 League T27"]
[Site "Free Internet Chess Server"]
[Date "2005.06.27"]
[Round "2"]
[White "mandragora"]
[Black "mtjab"]
[Result "1-0"]
[WhiteElo "1810"]
[BlackElo "2100"]
[TimeControl "2700+45"]

1. e4 e6 2. d4 d5 3. Nc3 dxe4 4. Nxe4 Nf6 5. Bg5 Be7 6. Nxf6+ Bxf6 7. Bxf6 Qxf6 8. Nf3 O-O 9. Bd3 c5 10. O-O cxd4 11. Nxd4 Rd8 12. Nb5 Nc6 13. Qc1 e5 14. Nc3 Bf5 15. Bxf5 Qxf5 16. Ne2 Nb4 17. c3 Rac8 18. a3 Nd3 19. Qc2 Rd6 20. Rad1 e4 21. Nc1 Rcd8 22. Ne2 Qe5 23. Nd4 Rb6 24. b3 Rh6 25. g3 Qc5 26. Rxd3 exd3 27. Qxd3 Qxa3 28. Re1 Qc5 29. Qf3 Qh5 30. Qg2 Rb6 31. Qe4 Qc5 32. b4 Qf8 33. Qf3 g6 34. Qg4 a6 35. Qf4 Qd6 36. Qg4 Qf6 37. Qe2 Rc8 38. Qd2 Rd6 39. Qe3 Rdd8 40. Qd2 Re8 41. Rd1 Re4 42. Re1 Rce8 43. Rxe4 Rxe4 44. Nc2 Qe7 45. Ne3 b5 46. Kg2 h5 47. Qd3 Re6 48. Qd5 Qd6 49. Qf3 Qc6 50. Nd5 Kg7 51. Ne3 Qxc3 52. Nf5+ gxf5 53. Qxc3+ Kg6 54. h4 Re4 55. Qc6+ Re6 56. Qc1 f6 57. Qc8 Re4 58. Kf3 Rc4 59. Qg8+ Kh6 60. Qf7 Rc6 61. Kf4 Rc4+ 62. Kxf5 Rg4 63. Qxf6+ Kh7 64. Qxa6 Rxb4 65. Qg6+ Kh8 66. Kf6 Rf4+ 67. gxf4   {Black resigns} 1-0

[Event "Team 45 45 League T27"]
[Site "Free Internet Chess Server"]
[Date "2005.06.26"]
[Round "2"]
[White "CleverBanana"]
[Black "twotowers"]
[Result "1-0"]
[WhiteElo "1625"]
[BlackElo "1616"]
[TimeControl "2700+45"]

1. d4 Nf6 2. c4 g6 3. Nc3 Bg7 4. Bf4 Nh5 5. Bg5 h6 6. Bh4 g5 7. Bg3 Nxg3 8. hxg3 c5 9. e3 Nc6 10. d5 Ne5 11. f4 gxf4 12. gxf4 Ng6 13. Qc2 d6 14. Bd3 Nf8 15. Nf3 Bg4 16. Rf1 e6 17. O-O-O Qe7 18. Rde1 O-O-O 19. f5 Nd7 20. Nh2 Bh5 21. g4 Bxg4 22. Nxg4 h5 23. Nf2 Ne5 24. fxe6 fxe6 25. Nfe4 Nxd3+ 26. Qxd3 e5 27. Nb5 a6 28. Nbxd6+ Rxd6 29. Nxd6+ Qxd6 30. Rf7 Bh6 31. Qf5+ Kb8 32. Qf6 Qxf6 33. Rxf6 h4 34. Kd2 h3 35. Rh1 h2 36. Rf2 Re8 37. Rfxh2 Bg5 38. Rh8 Rxh8 39. Rxh8+ Kc7 40. Ke2 Kd6 41. Kf3 Bf6 42. Rh6 Ke7 43. Rh7+   {Black resigns} 1-0

[Event "Team 45 45 League T27"]
[Site "Free Internet Chess Server"]
[Date "2005.06.26"]
[Round "2"]
[White "Woodchuck"]
[Black "Aul"]
[Result "1-0"]
[WhiteElo "1615"]
[BlackElo "1583"]
[TimeControl "2700+45"]

1. d4 d6 2. Nf3 g6 3. c4 b6 4. e4 Bg7 5. Nc3 Bb7 6. Be2 e6 7. O-O Ne7 8. Bg5 h6 9. Bf4 Nd7 10. Qd2 a6 11. Rfe1 g5 12. Bg3 O-O 13. e5 d5 14. cxd5 Nxd5 15. Rad1 f5 16. exf6 N7xf6 17. Qc2 Nh5 18. Be5 Ndf4 19. Bxg7 Nxg7 20. Bc4 Nxg2 21. Rxe6 Nxe6 22. Bxe6+ Kg7 23. Ne5 Nh4 24. d5 Nf3+ 25. Nxf3 Rxf3 26. Ne4 Bc8 27. Kg2 Qf8 28. Qxc7+ Kh8 29. Qxb6 Bxe6 30. dxe6 Rb8 31. Qd4+ Kg8 32. Qe5 Rf5 33. Qc7 Rxb2 34. Rd8 Rbxf2+ 35. Nxf2 Rxf2+ 36. Kg3 Rf3+ 37. Kg4 Rf4+ 38. Kh5 g4 39. Rxf8+ Rxf8 40. e7 Re8 41. Kg6 h5 42. Qd7   {Black resigns} 1-0

[Event "Team 45 45 League T27"]
[Site "Free Internet Chess Server"]
[Date "2005.06.27"]
[Round "2"]
[White "evgenionegin"]
[Black "ahorse"]
[Result "1-0"]
[WhiteElo "1540"]
[BlackElo "1576"]
[TimeControl "2700+45"]

1. e4 c5 2. Nf3 d6 3. d4 Nf6 4. Nc3 cxd4 5. Nxd4 a6 6. Bc4 e6 7. O-O Be7 8. Qf3 Nc6 9. Nxc6 bxc6 10. a3 O-O 11. Qg3 d5 12. Bh6 Ne8 13. Bd3 Bh4 14. Qg4 d4 15. Ne2 e5 16. Qh5 gxh6 17. Qxe5 Bf6 18. Qh5 Bg7 19. f4 Nf6 20. Qc5 Bb7 21. e5 Ng4 22. Nxd4 Qh4 23. h3 Ne3 24. Rf3 Nd5 25. Nf5 Qh5 26. Nxg7 Kxg7 27. c4 Nc7 28. Rg3+ Kh8 29. Qe7 Rac8 30. Qf6#   {Black checkmated} 1-0

[Event "Team 45 45 League T27"]
[Site "Free Internet Chess Server"]
[Date "2005.06.25"]
[Round "2"]
[White "LLIAMAH"]
[Black "Holyphant"]
[Result "0-1"]
[WhiteElo "1713"]
[BlackElo "1743"]
[TimeControl "2700+45"]

1. e4 c5 2. Nf3 d6 3. d4 cxd4 4. Nxd4 Nf6 5. Nc3 g6 6. Be3 Bg7 7. Qd2 O-O 8. Be2 Nc6 9. h3 Nxd4 10. Bxd4 Be6 11. g4 Qa5 12. g5 Nxe4 13. Nxe4 Qxd2+ 14. Nxd2 Bxd4 15. c3 Be5 16. h4 Rac8 17. Bf3 b5 18. O-O Bf4 19. Nb3 f6 20. Rfe1 Kf7 21. Nd4 Bd7 22. Bd5+ Ke8 23. Be6 fxg5 24. hxg5 a6 25. Re2 Bxg5 26. Bxd7+ Kxd7 27. Ne6 Rf5 28. Rae1 Bf6 29. f4 Rg8 30. Rh2 h5 31. Rg2 g5 32. fxg5 Bxg5 33. Nd4 Rd5 34. Kh1 Rg6 35. Nf3 Rf5 36. Nh4 Bxh4 37. Rxe7+ Bxe7 38. Rxg6 Rf6 39. Rg2 d5 40. Kh2 Rf3 41. Rd2 Kc6 42. Kg2 Rf5 43. Re2 Bd6 44. b3 Be5 45. Rc2 Kc5 46. a3 a5 47. Kg1 a4 48. b4+ Kc4 49. Kg2 Bxc3 50. Kg3 d4 51. Rf2 Rxf2 52. Kxf2 Kb3 53. Kg3 Kxa3 54. Kh4 Kxb4 55. Kxh5 d3 56. Kg4 d2 57. Kf5 d1=Q 58. Ke4 a3 59. Kf5 a2 60. Ke6 a1=Q 61. Kf5 Qe1 62. Kf4 Be5+ 63. Kf3 Qad1+ 64. Kg2 Qg3#   {White checkmated} 0-1

[Event "Team 45 45 League T27"]
[Site "Free Internet Chess Server"]
[Date "2005.06.25"]
[Round "2"]
[White "zift"]
[Black "Nezha"]
[Result "0-1"]
[WhiteElo "1575"]
[BlackElo "1750"]
[TimeControl "2700+45"]

1. e4 e5 2. Nf3 Nc6 3. Bb5 a6 4. Ba4 Nf6 5. d3 b5 6. Bb3 Be7 7. c3 O-O 8. O-O d5 9. Nbd2 dxe4 10. Nxe4 Nxe4 11. dxe4 Bg4 12. Bd5 Qe8 13. h3 Bh5 14. Qd3 Rd8 15. Qe3 Bf6 16. b3 Ne7 17. Bb7 Bxf3 18. Qxf3 Rb8 19. Bxa6 Qc6 20. Bxb5 Qxb5 21. c4 Qc5 22. Be3 Qc6 23. Rfd1 Rfd8 24. b4 Qxc4 25. Bc5 Nc6 26. a3 h6 27. Rdc1 Qe6 28. Rd1 Nd4 29. Qe3 Bg5 30. Qe1 Bf4 31. Bxd4 exd4 32. Rd3 h5 33. Rad1 h4 34. Rxd4 Rxd4 35. Rxd4 Bd6 36. Qd1 Qe5 37. f4 Qxf4 38. e5 Qxe5 39. Qd2 Re8 40. Rxh4 Re6 41. Qc2 Qe1#   {White checkmated} 0-1

[Event "Team 45 45 League T27"]
[Site "Free Internet Chess Server"]
[Date "2005.06.26"]
[Round "2"]
[White "Scapegoated"]
[Black "PawnSensei"]
[Result "0-1"]
[WhiteElo "1467"]
[BlackElo "1399"]
[TimeControl "2700+45"]

1. e4 e5 2. Nf3 Nc6 3. Bb5 a6 4. Ba4 Nf6 5. O-O Be7 6. c3 d6 7. d4 b5 8. Bc2 Bg4 9. d5 Bxf3 10. Qxf3 Na7 11. Qg3 Nh5 12. Qg4 Nf6 13. Qg3 Nh5 14. Qf3 g6 15. Bd1 O-O 16. Qh3 Nf4 17. Qg4 f5 18. exf5 Rxf5 19. g3 Nxd5 20. Bc2 Nf6 21. Qh3 e4 22. Bg5 Rxg5 23. Nd2 d5 24. b3 Qd6 25. Rad1 Rh5 26. Qg2 Qe6 27. c4 c6 28. Rfe1 Qh3   {White resigns} 0-1

[Event "Team 45 45 League T27"]
[Site "Free Internet Chess Server"]
[Date "2005.06.24"]
[Round "2"]
[White "zcomcon"]
[Black "tjraczko"]
[Result "1-0"]
[WhiteElo "1643"]
[BlackElo "1568"]
[TimeControl "2700+45"]

1. e4 e5 2. Nc3 Nf6 3. Bc4 Nxe4 4. Qh5 Nd6 5. Bb3 Nc6 6. Nb5 Qf6 7. Nxc7+ Kd8 8. Nxa8 Ne4 9. Qf3 Bc5 10. Qxf6+ Nxf6 11. Ne2 Ke7 12. d3 d6 13. h3 Bb6 14. Nxb6 axb6   {Black resigns} 1-0

[Event "Team 45 45 League T27"]
[Site "Free Internet Chess Server"]
[Date "2005.06.24"]
[Round "2"]
[White "Lamtarra"]
[Black "alexeypopov"]
[Result "0-1"]
[WhiteElo "1574"]
[BlackElo "1561"]
[TimeControl "2700+45"]

1. e4 e5 2. Nf3 d6 3. d3 Nf6 4. g3 Nc6 5. Bg2 Bg4 6. O-O Bxf3 7. Bxf3 Nd4 8. Bg2 Qd7 9. Nd2 O-O-O 10. c3 Ne6 11. Nf3 h6 12. h4 Kb8 13. Re1 Be7 14. Be3 Ne8 15. Qb3 g5 16. Qa3 b6 17. hxg5 hxg5 18. Nd2 N8g7 19. d4 exd4 20. cxd4 d5 21. Qb3 dxe4 22. Bxe4 f5 23. Bg2 f4 24. d5 Nc5 25. Bxc5 Bxc5 26. Kf1 fxg3 27. fxg3 Nf5 28. Ne4 Nd4 29. Qc4 Rdf8+ 30. Nf2 Qf5 31. Re2 Nxe2 32. Qxe2 Qxf2+   {White resigns} 0-1

[Event "Team 45 45 League T27"]
[Site "Free Internet Chess Server"]
[Date "2005.06.24"]
[Round "2"]
[White "jjgsmm"]
[Black "wook"]
[Result "1-0"]
[WhiteElo "1592"]
[BlackElo "1562"]
[TimeControl "2700+45"]

1. e4 c5 2. Nf3 d6 3. d4 cxd4 4. Nxd4 Nc6 5. Nc3 a6 6. Bc4 Qc7 7. Bb3 Nf6 8. Bg5 Nxd4 9. Qxd4 e5 10. Qd3 Be7 11. Bxf6 Bxf6 12. Nd5 Qa5+ 13. c3 Bg5 14. Qg3 Bh6 15. O-O Be6 16. Rfd1 Bxd5 17. Rxd5 Qb6 18. Ba4+ Ke7 19. Bb3 Bf4 20. Qh4+ f6 21. Rad1 Bg5 22. Qh3 Rad8 23. Qe6+ Kf8 24. Rxd6 Rxd6 25. Qf7#   {Black checkmated} 1-0